3AA
BILLINGS POLAR BEARS @ WESTWOOD SIXSHOOTERS
09/16/2033
 
TOP OF THE 1ST
Billings Polar Bears batting - Pitching for Westwood Sixshooters : RHP David Lister
Pitching: RHP David Lister
Batting: RHB Luis Pérez 0-0: Ball
1-0: Foul Ball, location: 2F
1-1: Ball
2-1: Ground out 6-3 (Groundball, 6)
Batting: LHB Richello Mabait 0-0: Ball
1-0: Ball
2-0: Ball
3-0: Called Strike
3-1: Base on Balls
Batting: LHB Robby Young 0-0: Called Strike
0-1: Ball
1-1: Ball
2-1: Ball
3-1: Fly out, F7 (Line Drive, 78S)
Batting: LHB Jorge Vélez 0-0: Ball
1-0: Called Strike
1-1: Ball
2-1: SINGLE (Flyball, 7S)
Richello Mabait to second
Batting: RHB José Ortíz 0-0: Swinging Strike
0-1: Fly out, F8 (Flyball, 89D)
Top of the 1st over - 0 runs, 1 hit, 0 errors, 2 left on base; Billings 0 - Westwood 0
BOTTOM OF THE 1ST
Westwood Sixshooters batting - Pitching for Billings Polar Bears : LHP Wilson Longoria
Pitching: LHP Wilson Longoria
Batting: RHB Simone Catalani 0-0: Ball
1-0: Swinging Strike
1-1: Ball
2-1: Ball
3-1: Swinging Strike
3-2: Base on Balls
Batting: RHB Domingo Bravo 0-0: Called Strike
0-1: Ball
1-1: Ball
2-1: DOUBLE (Line Drive, 9LS)
Simone Catalani to third
Batting: RHB Loren Stallings 0-0: Ball
1-0: Ball
2-0: Called Strike
2-1: Fly out, F4 (Popup, 3DF)
Batting: SHB Júlio Morín Jr. 0-0: Called Strike
0-1: Ball
1-1: Ball
2-1: Swinging Strike
2-2: SINGLE (Flyball, 89S)
Simone Catalani scores
Domingo Bravo to third
Batting: RHB Sergio Hernández 0-0: Ball
1-0: Foul Ball, location: 2F
1-1: Called Strike
1-2: Strikes out swinging
Batting: LHB Mitchell Cusimano 0-0: Swinging Strike
0-1: Called Strike
0-2: Ball
1-2: Ball
2-2: Fly out, F5 (Line Drive, 56)
Bottom of the 1st over - 1 run, 2 hits, 0 errors, 2 left on base; Billings 0 - Westwood 1
TOP OF THE 2ND
Billings Polar Bears batting - Pitching for Westwood Sixshooters : RHP David Lister
Batting: RHB Lynwood Dimartínez 0-0: Called Strike
0-1: Ground out 6-3 (Groundball, 6)
Batting: RHB José Herrera 0-0: Called Strike
0-1: Swinging Strike
0-2: Ball
1-2: SINGLE (Line Drive, 78S)
Batting: RHB Rio Clark 0-0: Ball
1-0: DOUBLE (Line Drive, 3D)
José Herrera to third
Batting: RHB Karsten Naarden 0-0: Ball
1-0: Foul Ball, location: 2F
1-1: Ball
2-1: Fly out, F4 (Line Drive, 4M)
Batting: RHB Luis Pérez 0-0: Fly out, F7 (Flyball, 7)
Top of the 2nd over - 0 runs, 2 hits, 0 errors, 2 left on base; Billings 0 - Westwood 1
BOTTOM OF THE 2ND
Westwood Sixshooters batting - Pitching for Billings Polar Bears : LHP Wilson Longoria
Batting: SHB Julián Valentín 0-0: Ball
1-0: Swinging Strike
1-1: Foul Ball, location: 2F
1-2: Strikes out looking
Batting: LHB Phil Minor 0-0: Called Strike
0-1: Swinging Strike
0-2: Ball
1-2: Ball
2-2: SOLO HOME RUN (Flyball, 9D), Distance : 379 ft
Batting: LHB Lorenzo Díaz 0-0: Called Strike
0-1: Called Strike
0-2: Foul Ball, location: 2F
0-2: Ground out 5-3 (Groundball, 5)
Batting: RHB Simone Catalani 0-0: Ball
1-0: Ball
2-0: Ball
3-0: Foul Ball, location: 2F
3-1: Called Strike
3-2: Base on Balls
Batting: RHB Domingo Bravo 0-0: Called Strike
0-1: Ball
1-1: Called Strike
1-2: SINGLE (Groundball, 6) (infield hit)
Simone Catalani to second
Pitching: LHP Tadeo Pico
Batting: RHB Loren Stallings 0-0: Ball
1-0: Foul Ball, location: 2F
1-1: SINGLE (Flyball, 8LS)
Simone Catalani to third
Domingo Bravo to second
Runner from 3rd tries for Home, SAFE, no throw
Batting: SHB Júlio Morín Jr. 0-0: Foul Ball, location: 2F
0-1: Ball
1-1: Ball
2-1: Swinging Strike
2-2: Reached on error, E6 (Popup, P)
Domingo Bravo to third
Loren Stallings to second
Batting: RHB Sergio Hernández 0-0: SINGLE (Groundball, 6MD)
Domingo Bravo scores
Loren Stallings to third
Júlio Morín Jr. to second
Runner from 3rd tries for Home, SAFE, no throw
Batting: LHB Mitchell Cusimano 0-0: Ball
1-0: Fly out, F5 (Line Drive, 5)
Bottom of the 2nd over - 4 runs, 4 hits, 1 error, 2 left on base; Billings 0 - Westwood 5
TOP OF THE 3RD
Billings Polar Bears batting - Pitching for Westwood Sixshooters : RHP David Lister
Batting: LHB Richello Mabait 0-0: Ball
1-0: Foul Ball, location: 2F
1-1: Called Strike
1-2: Fly out, F8 (Flyball, 8RS)
Batting: LHB Robby Young 0-0: Ball
1-0: Ball
2-0: Fly out, F9 (Flyball, 9LM)
Batting: LHB Jorge Vélez 0-0: Called Strike
0-1: Ball
1-1: Swinging Strike
1-2: Foul Ball, location: 2F
1-2: Ball
2-2: Strikes out swinging
Top of the 3rd over - 0 runs, 0 hits, 0 errors, 0 left on base; Billings 0 - Westwood 5
BOTTOM OF THE 3RD
Westwood Sixshooters batting - Pitching for Billings Polar Bears : LHP Tadeo Pico
Batting: SHB Julián Valentín 0-0: Called Strike
0-1: Ground out 3-1 (Groundball, 23)
Batting: LHB Phil Minor 0-0: Swinging Strike
0-1: Ball
1-1: Swinging Strike
1-2: Foul Ball, location: 2F
1-2: Fly out, F8 (Flyball, 8LM)
Batting: LHB Lorenzo Díaz 0-0: Ball
1-0: Ball
2-0: Ground out 5-3 (Groundball, 56)
Bottom of the 3rd over - 0 runs, 0 hits, 0 errors, 0 left on base; Billings 0 - Westwood 5
TOP OF THE 4TH
Billings Polar Bears batting - Pitching for Westwood Sixshooters : RHP David Lister
Batting: RHB José Ortíz 0-0: Called Strike
0-1: Ball
1-1: Swinging Strike
1-2: SOLO HOME RUN (Flyball, 9LD), Distance : 361 ft
Batting: RHB Lynwood Dimartínez 0-0: Called Strike
0-1: Fly out, F9 (Flyball, 9LMF)
Batting: RHB José Herrera 0-0: Foul Ball, location: 2F
0-1: Called Strike
0-2: Fly out, F3 (Popup, 3)
Batting: RHB Rio Clark 0-0: Called Strike
0-1: Foul Ball, location: 2F
0-2: Ball
1-2: Fly out, F5 (Popup, 5F)
Top of the 4th over - 1 run, 1 hit, 0 errors, 0 left on base; Billings 1 - Westwood 5
BOTTOM OF THE 4TH
Westwood Sixshooters batting - Pitching for Billings Polar Bears : LHP Tadeo Pico
Batting: RHB Simone Catalani 0-0: Called Strike
0-1: Called Strike
0-2: Ball
1-2: Ball
2-2: Foul Ball, location: 2F
2-2: Fly out, F3 (Popup, 3L)
Batting: RHB Domingo Bravo 0-0: Foul Ball, location: 2F
0-1: Called Strike
0-2: Ball
1-2: Foul Ball, location: 2F
1-2: Ball
2-2: SINGLE (Line Drive, 34)
Batting: RHB Loren Stallings 0-0: Called Strike
0-1: Ball
Domingo Bravo steals 2nd base
1-1: Called Strike
1-2: Fly out, F9 (Flyball, 9D)
Runner from 2nd tags up, SAFE at 3rd, no throw
Batting: SHB Júlio Morín Jr. 0-0: Called Strike
0-1: Foul Ball, location: 2F
0-2: Foul Ball, location: 2F
0-2: Foul Ball, location: 2F
0-2: SINGLE (Groundball, 34D)
Domingo Bravo scores
Batting: RHB Sergio Hernández 0-0: Swinging Strike
0-1: Called Strike
0-2: Ball
1-2: Ball
2-2: SINGLE (Flyball, 8LS)
Júlio Morín Jr. to second
Runner from 2nd tries for 3rd, SAFE, no throw
Batting: LHB Mitchell Cusimano 0-0: Called Strike
0-1: Foul Ball, location: 2F
0-2: Ball
1-2: Ground out 5-3 (Groundball, 2L)
Bottom of the 4th over - 1 run, 3 hits, 0 errors, 2 left on base; Billings 1 - Westwood 6
TOP OF THE 5TH
Billings Polar Bears batting - Pitching for Westwood Sixshooters : RHP David Lister
Batting: RHB Karsten Naarden 0-0: Ground out 6-3 (Groundball, 6M)
Batting: RHB Luis Pérez 0-0: SINGLE (Groundball, 56D)
Batting: LHB Richello Mabait 0-0: Ball
Luis Pérez steals 2nd base
1-0: SINGLE (Groundball, 6MD)
Luis Pérez to third
Runner from 3rd tries for Home, SAFE, no throw
Batting: LHB Robby Young 0-0: Called Strike
Richello Mabait steals 2nd base
0-1: Called Strike
0-2: Ball
1-2: Foul Ball, location: 2F
1-2: Foul Ball, location: 2F
1-2: Ball
2-2: Ball
3-2: Hit by Pitch
Batting: LHB Jorge Vélez 0-0: Called Strike
0-1: Ball
Richello Mabait steals 3rd base
Robby Young to second
1-1: Ball
2-1: Ground out 1-3 (Groundball, 13)
Batting: RHB José Ortíz 0-0: Swinging Strike
0-1: Swinging Strike
0-2: Foul Ball, location: 2F
0-2: SINGLE (Flyball, 9S)
Richello Mabait scores
Robby Young to third
Runner from 3rd tries for Home, SAFE, throw made home
Batting: RHB Lynwood Dimartínez 0-0: Ball
1-0: Called Strike
1-1: Ball
2-1: Ball
3-1: Called Strike
3-2: Foul Ball, location: 2F
3-2: Ground out 4-3 (Groundball, 4)
Top of the 5th over - 3 runs, 3 hits, 0 errors, 1 left on base; Billings 4 - Westwood 6
BOTTOM OF THE 5TH
Westwood Sixshooters batting - Pitching for Billings Polar Bears : LHP Tadeo Pico
Batting: SHB Julián Valentín 0-0: Called Strike
0-1: Swinging Strike
0-2: Ground out 5-3 (Groundball, 56)
Batting: LHB Phil Minor 0-0: Ball
1-0: Ball
2-0: Ball
3-0: Base on Balls
Batting: LHB Lorenzo Díaz 0-0: Ball
1-0: Ball
2-0: Called Strike
2-1: Swinging Strike
2-2: Ball
Phil Minor is caught stealing 2nd base
3-2: Base on Balls
Batting: RHB Simone Catalani 0-0: Fielders Choice at 2nd, 6-4 (Groundball, 6)
Bottom of the 5th over - 0 runs, 0 hits, 0 errors, 1 left on base; Billings 4 - Westwood 6
TOP OF THE 6TH
Billings Polar Bears batting - Pitching for Westwood Sixshooters : RHP David Lister
Batting: RHB José Herrera 0-0: Ball
1-0: Called Strike
1-1: Ball
2-1: Foul Ball, location: 2F
2-2: Foul Ball, location: 2F
2-2: SINGLE (Flyball, 89S)
Batting: RHB Rio Clark 0-0: Ball
1-0: Fly out, F8 (Flyball, 8RM)
Batting: RHB Karsten Naarden 0-0: Ball
1-0: Foul Ball, location: 2F
1-1: Swinging Strike
1-2: Ball
2-2: Fly out, F7 (Flyball, 78D)
Batting: RHB Luis Pérez 0-0: Foul Ball, location: 2F
0-1: Ball
1-1: Called Strike
1-2: Foul Ball, location: 2F
1-2: Ball
2-2: Foul Ball, location: 2F
2-2: Foul Ball, location: 2F
2-2: Fly out, F6 (Line Drive, 6)
Top of the 6th over - 0 runs, 1 hit, 0 errors, 1 left on base; Billings 4 - Westwood 6
BOTTOM OF THE 6TH
Westwood Sixshooters batting - Pitching for Billings Polar Bears : LHP Tadeo Pico
Batting: RHB Domingo Bravo 0-0: Foul Ball, location: 2F
0-1: Swinging Strike
0-2: Ground out U3 (Groundball, 34)
Batting: RHB Loren Stallings 0-0: Ball
1-0: Ball
2-0: Called Strike
2-1: Foul Ball, location: 2F
2-2: Strikes out swinging
Batting: SHB Júlio Morín Jr. 0-0: Called Strike
0-1: Foul Ball, location: 2F
0-2: Foul Ball, location: 2F
0-2: Ball
1-2: Ball
2-2: Ball
3-2: Foul Ball, location: 2F
3-2: Fly out, F7 (Line Drive, 78D)
Bottom of the 6th over - 0 runs, 0 hits, 0 errors, 0 left on base; Billings 4 - Westwood 6
TOP OF THE 7TH
Billings Polar Bears batting - Pitching for Westwood Sixshooters : RHP David Lister
Batting: LHB Richello Mabait 0-0: Called Strike
0-1: Fly out, F8 (Flyball, 89D)
Batting: LHB Robby Young 0-0: Ball
1-0: Ball
2-0: Ball
3-0: Base on Balls
Pitching: RHP Jin Kwon
Batting: LHB Jorge Vélez 0-0: Called Strike
0-1: Swinging Strike
0-2: Ball
1-2: Ground out 4-3 (Groundball, 34)
Robby Young to second
Batting: RHB José Ortíz 0-0: Reached on error, E6 (Groundball, 6S)
Robby Young scores
Batting: RHB Lynwood Dimartínez 0-0: DOUBLE (Groundball, 5L)
José Ortíz scores
Batting: RHB José Herrera 0-0: Ball
1-0: Foul Ball, location: 2F
1-1: Fly out, F5 (Popup, 15S)
Top of the 7th over - 2 runs, 1 hit, 1 error, 1 left on base; Billings 6 - Westwood 6
BOTTOM OF THE 7TH
Westwood Sixshooters batting - Pitching for Billings Polar Bears : LHP Tadeo Pico
Batting: RHB Sergio Hernández 0-0: Ground out 4-3 (Groundball, 4)
Batting: LHB Mitchell Cusimano 0-0: Called Strike
0-1: Fly out, F5 (Popup, 5)
Batting: SHB Julián Valentín 0-0: Ball
1-0: Called Strike
1-1: Ball
2-1: Foul Ball, location: 2F
2-2: Foul Ball, location: 2F
2-2: Fly out, F8 (Flyball, 8LM)
Bottom of the 7th over - 0 runs, 0 hits, 0 errors, 0 left on base; Billings 6 - Westwood 6
TOP OF THE 8TH
Billings Polar Bears batting - Pitching for Westwood Sixshooters : RHP Jin Kwon
Pinch Hitting: LHB Mo-ruo Teoh 0-0: Called Strike
0-1: Ball
1-1: Ball
2-1: Ball
3-1: Foul Ball, location: 2F
3-2: Fly out, F9 (Flyball, 89D)
Pinch Hitting: LHB Ling Li 0-0: Ground out 4-3 (Groundball, 4)
Batting: RHB Luis Pérez 0-0: Ball
1-0: Fly out, F2 (Popup, 23F)
Top of the 8th over - 0 runs, 0 hits, 0 errors, 0 left on base; Billings 6 - Westwood 6
BOTTOM OF THE 8TH
Westwood Sixshooters batting - Pitching for Billings Polar Bears : LHP Tadeo Pico
Pitching: RHP Salvador López
Now at 2B: Rusty Nicholson
Now at 3B: Pedro Flores
Batting: LHB Phil Minor 0-0: Fly out, F8 (Flyball, 8RD)
Batting: LHB Lorenzo Díaz 0-0: Ground out 6-3 (Groundball, 6)
Batting: RHB Simone Catalani 0-0: Called Strike
0-1: Swinging Strike
0-2: Ball
1-2: Fly out, F7 (Flyball, 7)
Bottom of the 8th over - 0 runs, 0 hits, 0 errors, 0 left on base; Billings 6 - Westwood 6
TOP OF THE 9TH
Billings Polar Bears batting - Pitching for Westwood Sixshooters : RHP Jin Kwon
Pitching: LHP Kade Kinnamon
Batting: LHB Richello Mabait 0-0: Foul Ball, location: 2F
0-1: SINGLE (Groundball, 56D)
Batting: LHB Robby Young 0-0: Ball
1-0: Called Strike
1-1: Swinging Strike
1-2: Ball
2-2: Fly out, F8 (Flyball, 8LXD)
Batting: LHB Jorge Vélez 0-0: Called Strike
0-1: Ball
1-1: Ball
2-1: SINGLE (Line Drive, 8LS)
Richello Mabait to second
Batting: RHB José Ortíz 0-0: Ball
1-0: Called Strike
1-1: Called Strike
1-2: Ball
2-2: 3-RUN HOME RUN (Flyball, 7LD), Distance : 368 ft
Pitching: RHP Mike Larsen
Batting: RHB Lynwood Dimartínez 0-0: Ball
1-0: SINGLE (Flyball, 3D)
Batting: RHB José Herrera 0-0: Called Strike
0-1: Foul Ball, location: 2F
0-2: Ball
1-2: Strikes out swinging
Lynwood Dimartínez is caught stealing 2nd base
Batter strikes out.
Top of the 9th over - 3 runs, 4 hits, 0 errors, 0 left on base; Billings 9 - Westwood 6
BOTTOM OF THE 9TH
Westwood Sixshooters batting - Pitching for Billings Polar Bears : RHP Salvador López
Batting: RHB Domingo Bravo 0-0: Called Strike
0-1: Ball
1-1: Foul Ball, location: 2F
1-2: Strikes out swinging
Batting: RHB Loren Stallings 0-0: Called Strike
0-1: Ground out 3-1 (Groundball, 34)
Batting: SHB Júlio Morín Jr. 0-0: Ball
1-0: Called Strike
1-1: Foul Ball, location: 2F
1-2: Foul Ball, location: 2F
1-2: Ball
2-2: Foul Ball, location: 2F
2-2: Ball
3-2: Fly out, F9 (Flyball, 9LSF)
Bottom of the 9th over - 0 runs, 0 hits, 0 errors, 0 left on base; Billings 9 - Westwood 6
Saturday, December 22nd, 2018 - OOTP Baseball 18.8 Build 76